cohdb
Replays
Latest Replays
All Replays
Popular Replays
Top Player Replays
Match Explorer
How It Works
Community
CoH3 Stats
Reddit
Sign in to upload your games and track your stats! →
Sign in with Steam
Match 23633028
Unlisted
Match 23633028
Overview
Messages
Build Orders
End
Construct Infanterie Kompanie
Kettenkrad Recon Vehicle
MG 42 Machine Gun Team
Selects Mechanized Battlegroup
GrW 34 Mortar Team
GrW 34 Mortar Team
Construct Panzergrenadier Kompanie
251 Medium Carrier
Selects Raid Package
Panzergrenadier Squad
Panzergrenadier Squad
Panzergrenadier Squad
Support Elements
Selects 8 Rad Armored Car
8 Rad Armored Car
Selects UNKNOWN (2160084)
Construct Panzer Kompanie
Selects Mobile Repair Stations
Pioneer Squad
8 Rad Armored Car
Selects Wespe Self-propelled Artillery
Nebelwerfer 42 Rocket Launcher Team
Medical Station
Sturmpanzer IV Brummbär
Selects Zeroing Artillery Barrage
Zeroing Artillery Barrage
iceman
UH|ck
UH|dun! ツ
Memristor
Seb343
Sniper Ste
0
0
Comments
sign in to comment!
No comments posted yet!